 Dungeon Crawl Stone Soup version 0.20.1-1-g8b1a95d (webtiles) character file.

285 Mitsuki the Digger (level 6, -2/32 HPs)
             Began as a Gargoyle Earth Elementalist on Sept 14, 2017.
             Slain by an iguana (6 damage)
             ... on level 4 of the Dungeon.
             The game lasted 00:15:15 (3808 turns).

Mitsuki the Digger (Gargoyle Earth Elementalist)    Turns: 3808, Time: 00:15:16

Health: -2/32      AC:  8    Str: 11    XL:     6   Next: 29%
Magic:  6/12       EV: 12    Int: 18    God:
Gold:   178        SH:  0    Dex: 10    Spells: 9/13 levels left

rFire    . . .     SeeInvis .   v - +0 flail
rCold    . . .     Gourm    .   (no shield)
rNeg     + . .     Faith    .   c - +0 robe
rPois    ∞         Spirit   .   (no helmet)
rElec    +         Reflect  .   (no cloak)
rCorr    .         Harm     .   a - +0 pair of gloves
MR       +....                  u - +0 pair of boots
Stlth    ++........             r - amulet of magic regeneration
Regen    0.1/turn               g - ring of protection from magic
MPRegen  0.2/turn               (no ring)

@: no status effects
A: negative energy resistance 1, electricity resistance, unbreathing,
petrification resistance, rot immunity, AC +4
a: no special abilities


You were on level 4 of the Dungeon.
You were not hungry.

You visited 1 branch of the dungeon, and saw 4 of its levels.
You also visited: Sewer.

You collected 178 gold pieces.

Inventory:

Hand Weapons
 v - a +0 flail (weapon)
Missiles
 b - 90 stones (quivered)
Armour
 a - a +0 pair of gloves (worn)
 c - a +0 robe (worn)
 u - a +0 pair of boots (worn)
Jewellery
 g - a ring of protection from magic (left hand)
 n - an uncursed ring of ice {unknown}
 r - an amulet of magic regeneration (around neck)
Scrolls
 f - 3 scrolls of identify
 i - 3 scrolls of teleportation
 m - 2 scrolls of remove curse
Potions
 h - 4 potions of heal wounds
 j - 2 potions of haste {unknown}
 k - 2 potions of brilliance {unknown}
 o - a potion of degeneration {unknown}
 s - a potion of curing {unknown}
 t - 4 potions of flight {unknown}
Books
 e - a book of Geomancy

   Spells                             Type                      Level
   a - Sandblast                      Earth                        1
   b - Passwall                       Transmutation/Earth          2
   c - Stone Arrow                    Conjuration/Earth            3
   d - Petrify                        Transmutation/Earth          4
   e - Lee's Rapid Deconstruction     Earth                        5
Comestibles
 d - 2 bread rations
 l - a chunk of flesh
 q - a meat ration


   Skills:
 - Level 1.5 Dodging
 - Level 2.1 Stealth
 + Level 4.3 Spellcasting
 + Level 2.4 Conjurations
   Level 0.7 Transmutations
 + Level 5.6 Earth Magic


You had 9 spell levels left.
You knew the following spells:

 Your Spells              Type           Power        Failure   Level  Hunger
a - Sandblast             Erth           ###...       1%          1    None
b - Stone Arrow           Conj/Erth      ###...       9%          3    ###....


Dungeon Overview and Level Annotations

Branches:
Dungeon (4/15)
 Temple: D:4-7

Altars:
Makhleb


Innate Abilities, Weirdness & Mutations

You are resistant to torment.
Your stone body is resilient. (AC +4)
You are immune to poison.
You resist negative energy. (rN+)
You are resistant to electric shocks. (rElec)
You can survive without breathing.
You are immune to petrification.
You are immune to rotting.


Message History

* * * LOW HITPOINT WARNING * * *
Casting: Sandblast
Confirm with . or Enter, or press ? or * to list all spells.
Aiming: Sandblast
Press: ? - help, Shift-Dir - straight line, f/p - iguana
Aim: an iguana (heavily wounded)
The blast of sand hits the iguana.
The iguana is severely wounded.
b - 91 stones The iguana barely misses you.
Casting: Sandblast
Confirm with . or Enter, or press ? or * to list all spells.
Aiming: Sandblast
Press: ? - help, Shift-Dir - straight line, f/p - iguana
Aim: an iguana (severely wounded)
The blast of sand hits the iguana.
The iguana is almost dead.
b - 90 stones The iguana bites you.
You die...

### ### ##†######<#
#.........# ##........#
########################.#
........l@.[$............#
##########################
#.. #.. #.. #.. ###


You could see an iguana.

Vanquished Creatures
  A big kobold (Sewer)
  The ghost of zkobry the Gusty, a weakling HaAE (D:3)
  An orc priest (D:3)
  4 adders (D:3)
  2 river rats
  2 worms
  5 leopard geckos
  11 orcs (D:3)
  6 bats
  2 giant cockroaches
  5 goblins
  3 hobgoblins
  7 jackals
  9 kobolds
  2 quokkas (D:3)
  5 frilled lizards
  A quokka skeleton (D:4)
  10 rats
77 creatures vanquished.

Vanquished Creatures (others)
  4 toadstools (D:1)
4 creatures vanquished.

Grand Total: 81 creatures vanquished

Notes
Turn   | Place    | Note
-------+----------+-------------------------------------------
     0 | D:1      | Mitsuki the Gargoyle Earth Elementalist began the quest for the Orb.
     0 | D:1      | Reached XP level 1. HP: 10/10 MP: 3/3
   296 | D:1      | Reached XP level 2. HP: 15/15 MP: 5/5
   304 | D:1      | Reached skill level 4 in Earth Magic
  1324 | D:2      | Reached XP level 3. HP: 15/19 MP: 5/7
  1700 | D:2      | Found a burning altar of Makhleb.
  2020 | D:3      | Noticed zkobry's ghost (weakling HaAE)
  2045 | D:3      | Learned a level 3 spell: Stone Arrow
  2213 | D:3      | Reached XP level 4. HP: 20/24 MP: 5/8
  2234 | D:3      | Found a glowing drain.
  2238 | Sewer    | Entered a sewer
  2332 | Sewer    | Noticed a big kobold
  2374 | Sewer    | Killed a big kobold
  2374 | Sewer    | Reached skill level 1 in Conjurations
  2374 | Sewer    | Reached skill level 5 in Earth Magic
  2374 | Sewer    | Reached XP level 5. HP: 28/28 MP: 6/10
  2564 | Sewer    | Found a white marble altar of Elyvilon.
  2852 | D:3      | Killed zkobry's ghost
  2852 | D:3      | Reached XP level 6. HP: 27/32 MP: 9/12
  3808 | D:4      | Slain by an iguana

Skill      XL: |  1  2  3  4  5 |
---------------+----------------+-----
Earth Magic    | 4 5 |  5.6
Spellcasting   | 3 4 |  4.3
Conjurations   | 1 2 |  2.4
Dodging        | |  1.5
Stealth        | |  2.1
Transmutations | |  0.7

Action                   |  1- 3 |  4- 6 || total
-------------------------+-------+-------++-------
Melee: Dagger            |    67 |       ||    67
       Unarmed           |    12 |       ||    12
       Whip              |    85 |    45 ||   130
       Flail             |       |    94 ||    94
 Cast: Sandblast         |    16 |    37 ||    53
  Use: Scroll            |     4 |       ||     4
 Stab: Sleeping          |       |     5 ||     5
  Eat: Chunk             |     4 |     2 ||     6
       Royal jelly       |       |     2 ||     2
Armor: Robe              |    73 |    69 ||   142
Dodge: Dodged            |   130 |   127 ||   257
